AoeStats
← ska_18

Black Forest

506366124Analyzed
3v3 RM · 18d ago on Sep 13, 2026· 59m 18s· 6 players
Game mode
Random Map
Map size
Normal (6 player)
Population
200
Speed
Normal
Resources
Standard
Victory
Conquest
Starting age
Dark Age
Ending age
Imperial Age
RankedLock teamsTeams togetherTeam positionsShared explorationLock speedFull tech treeHidden civsTurbo modeCheats
Victory
Defeat
🇷🇺 Jurchens · Russia
922
+16
🇦🇹 Saracens · Austria
901
+17
🇪🇸 Bengalis · Spain
896
+17
🇬🇧 Goths · United Kingdom
942
-19
🇬🇧 Franks · United Kingdom
939
-17
🇬🇧 Britons · United Kingdom
861
-14
Suco
0:28 Loom
13:15 Feudal Age
14:34 Wheelbarrow
13:47 Double-Bit Axe
16:03 Horse Collar
19:28 Castle Age
23:09 Bow Saw
26:56 Heavy Plow
28:17 Hand Cart
31:57 Paiks
31:45 Gold Mining
32:40 Fortified Wall
32:26 Murder Holes
32:52 Ballistics
32:43 Masonry
33:41 Gold Shaft Mining
32:57 Stone Mining
36:55 Imperial Age
35:11 Town Watch
35:57 Bloodlines
35:48 Husbandry
36:26 Forging
36:17 Scale Mail Armor
38:59 Elite Battle Elephant
39:02 Elite Elephant Archer
41:21 Two-Man Saw
40:53 Crop Rotation
41:03 Iron Casting
40:33 Scale Barding Armor
40:19 Fletching
40:30 Padded Archer Armor
40:45 Chain Mail Armor
41:34 Chemistry
41:54 Caravan
47:23 Chain Barding Armor
48:04 Blast Furnace
47:38 Mahayana
47:39 Conscription
52:07 Siege Engineers
52:33 Architecture
52:46 Plate Barding Armor
52:07 Bodkin Arrow
54:10 Leather Archer Armor
54:03 Bracer
55:18 Block Printing
55:15 Fervor
54:49 Treadmill Crane
56:44 Spies/Treason
ska_18
1:02 Loom
13:36 Feudal Age
17:37 Fishing Lines
17:59 Double-Bit Axe
20:19 Castle Age
22:30 Wheelbarrow
24:03 Town Watch
24:30 Forging
24:10 Fletching
24:26 Scale Barding Armor
26:11 Horse Collar
26:47 Bow Saw
26:35 Gold Mining
28:18 Stone Mining
29:33 Fervor
29:44 Sanctity
30:59 Hand Cart
30:45 Heavy Plow
31:27 Gold Shaft Mining
32:37 Gillnets
33:26 Iron Casting
33:12 Chain Barding Armor
32:48 Bodkin Arrow
36:16 Imperial Age
34:35 Bimaristan
34:33 Caravan
35:18 Treadmill Crane
35:33 Murder Holes
35:48 Masonry
35:49 Fortified Wall
37:25 Coinage
37:33 Plate Barding Armor
37:59 Blast Furnace
37:21 Conscription
37:37 Hoardings
38:10 Chemistry
37:21 Fortified Wall
39:06 Two-Man Saw
38:38 Banking
38:41 Town Patrol
39:53 Elite Mameluke
40:47 Bloodlines
40:38 Husbandry
39:58 Light Cavalry
41:59 Bracer
42:05 Siege Engineers
46:46 Ballistics
45:47 Hussar
58:20 Spies/Treason
59:30 Guard Tower
59:25 Arrowslits
59:06 Heavy Camel Rider
IT-babka
0:44 Loom
20:41 Feudal Age
21:32 Double-Bit Axe
21:29 Horse Collar
22:24 Fishing Lines
23:39 Gold Mining
24:24 Stone Mining
29:03 Castle Age
29:53 Gillnets
32:15 Bow Saw
33:44 Fletching
35:21 Heavy Plow
37:48 Gold Shaft Mining
38:51 Wheelbarrow
39:39 Caravan
40:43 Pikeman
41:09 Arson
41:24 Squires
42:25 Hand Cart
46:16 Imperial Age
44:25 Bodkin Arrow
44:30 Padded Archer Armor
45:41 Fortified Wall
45:13 Treadmill Crane
46:53 Gambesons
47:49 Conscription
49:32 Chemistry
48:56 Ballistics
48:56 Scale Mail Armor
49:25 Halberdier
51:08 Chain Mail Armor
51:04 Forging
50:58 Heavy Rocket Cart
52:07 Elite Fire Lancer
55:24 Crop Rotation
55:56 Iron Casting
56:40 Two-Man Saw
59:18 Hoardings
58:46 Fortified Bastions
hrwells17
0:35 Loom
15:08 Feudal Age
21:29 Castle Age
19:50 Horse Collar
19:58 Double-Bit Axe
20:10 Man-at-Arms
22:14 Long Swordsman
23:56 Squires
26:09 Scale Mail Armor
26:19 Forging
26:40 Pikeman
28:06 Town Watch
31:40 Chain Mail Armor
32:01 Iron Casting
31:31 Murder Holes
31:57 Ballistics
36:29 Imperial Age
34:59 Caravan
35:14 Anarchy
35:37 Heavy Plow
35:49 Bow Saw
36:38 Two-Handed Swordsman
37:29 Fletching
38:33 Wheelbarrow
38:53 Champion
40:35 Conscription
40:23 Bodkin Arrow
41:50 Blast Furnace
41:10 Bracer
42:56 Elite Huskarl
Emu76
1:38 Loom
17:42 Feudal Age
18:42 Man-at-Arms
20:48 Forging
22:47 Gold Mining
22:48 Double-Bit Axe
28:13 Castle Age
26:25 Stone Mining
29:34 Gold Shaft Mining
29:13 Bow Saw
31:51 Wheelbarrow
32:52 Fortified Wall
33:04 Ballistics
32:56 Masonry
33:44 Hand Cart
34:46 Husbandry
38:49 Imperial Age
36:38 Town Watch
39:02 Iron Casting
38:32 Scale Barding Armor
38:38 Caravan
39:21 Murder Holes
40:02 Architecture
39:59 Cavalier
41:03 Conscription
42:05 Blast Furnace
41:29 Chain Barding Armor
42:07 Chivalry
43:17 Hoardings
43:28 Paladin
46:26 Plate Barding Armor
radhakr #bbop
14:48 Feudal Age
15:57 Double-Bit Axe
19:49 Horse Collar
22:23 Castle Age
22:10 Fletching
22:43 Padded Archer Armor
22:54 Crossbowman
24:56 Bow Saw
27:49 Heavy Plow
30:04 Husbandry
29:26 Light Cavalry
30:52 Murder Holes
32:31 Yeomen
37:13 Imperial Age
35:19 Wheelbarrow
34:33 Loom
34:44 Gold Mining
34:44 Stone Mining
35:21 Scale Barding Armor
38:09 Leather Archer Armor
37:50 Bodkin Arrow
39:07 Two-Man Saw
40:07 Arbalester
42:13 Chemistry
Connection lost

Rejoining the realm…

Still unreachable

The connection could not be restored.

Session expired

The server has moved on; the page needs a fresh start.